 Dungeon Crawl Stone Soup version 0.28-a0-1513-ge4f4046303 (webtiles) character file.

Game seed: 10057885769120597282

40 Gargoyl the Skirmisher (level 3, -1/35 HPs)
             Began as a Gnoll Abyssal Knight on Jan 16, 2022.
             Was a Follower of Lugonu.
             Slain by Terence (6 damage)
             ... on level 2 of the Dungeon.
             The game lasted 00:01:52 (1590 turns).

Gargoyl the Skirmisher (Gnoll Abyssal Knight)       Turns: 1590, Time: 00:01:53

Health: -1/35      AC:  9    Str: 14    XL:     3   Next: 50%
Magic:  16/16      EV:  7    Int:  9    God:    Lugonu [*.....]
Gold:   49         SH:  0    Dex: 12    Spells: 3/3 levels left

rFire   . . .      SeeInvis .   a - +1 hand axe
rCold   . . .      Faith    .   (no shield)
rNeg    . . .      Spirit   .   h - +0 chain mail
rPois   .          Reflect  .   (no helmet)
rElec   .          Harm     .   (no cloak)
rCorr   .          Rampage  .   (no gloves)
Will    .....      Clarity  +   (no boots)
Stlth   ..........              (no amulet)
HPRegen 0.11/turn               c - ring of magical power
MPRegen 0.15/turn               (no ring)

@: no status effects
A: fangs 1, strong nose, distributed training, clarity, high mp 1, screaming 1,
MP-powered wands
a: Renounce Religion, Depart the Abyss


You were on level 2 of the Dungeon.
You worshipped Lugonu.
Lugonu was aware of your devotion.
You visited 1 branch of the dungeon, and saw 2 of its levels.
You visited the Abyss 1 time.

You collected 49 gold pieces.

Inventory:

Hand Weapons
 a - a +1 hand axe (weapon)
Armour
 h - a +0 chain mail (worn)
Jewellery
 c - a ring of magical power (left hand)
Scrolls
 i - a scroll of enchant weapon {unknown}
Potions
 d - a potion of heal wounds
 e - a potion of magic {unknown}
 f - a potion of degeneration {unknown}
 g - a potion of curing {unknown}
 j - a potion of flight {unknown}


   Skills:
 + Level 6.5 Fighting
 + Level 0.8 Short Blades
 + Level 0.8 Long Blades
 + Level 4.5 Axes
 + Level 0.8 Maces & Flails
 + Level 0.8 Polearms
 + Level 0.8 Staves
 + Level 0.8 Slings
 + Level 0.8 Bows
 + Level 0.8 Crossbows
 + Level 0.8 Throwing
 + Level 4.5 Armour
 + Level 2.6 Dodging
 + Level 0.8 Stealth
 + Level 0.8 Shields
 + Level 0.8 Unarmed Combat
 + Level 0.8 Spellcasting
 + Level 0.5 Conjurations
 + Level 0.5 Hexes
 + Level 0.5 Summonings
 + Level 0.5 Necromancy
 + Level 0.5 Translocations
 + Level 0.5 Transmutations
 + Level 0.5 Fire Magic
 + Level 0.5 Ice Magic
 + Level 0.5 Air Magic
 + Level 0.5 Earth Magic
 + Level 0.5 Poison Magic
 + Level 4.6 Invocations
 + Level 0.8 Evocations


You had 3 spell levels left.
You didn't know any spells.
Your spell library contained the following spells:

 Spells                   Type           Power      Damage    Failure   Level
 Ensorcelled Hibernation  Hex/Ice        2%         N/A       100%        2
 Passwall                 Tmut/Erth      0%         N/A       100%        2
 Swiftness                Air            1%         N/A       100%        3


Dungeon Overview and Level Annotations

Branches:
Dungeon (2/15)

Altars:

Annotations:
D:2 Terence


Innate Abilities, Weirdness & Mutations

You have very sharp teeth.
Your uncanny sense of smell can sniff out nearby items.
Your experience applies equally to all skills.
You possess an exceptional clarity of mind.
You have an increased reservoir of magic. (+10% MP)
You occasionally shout uncontrollably at your foes.
You expend magic power (3 MP) to strengthen your wands.


Message History

You hit Terence but do no damage.
Terence is moderately wounded.
Terence hits you but does no damage.
You hit Terence but do no damage.
Terence is moderately wounded.
Terence closely misses you.
Unknown command.
It was a potion of mutation.
You feel extremely strange.
You feel strong-willed.
You feel weaker. Terence looks scornfully at you. Terence barely misses you.
Really quaff the potion of mutation?
You feel extremely strange.
You feel stronger.
You no longer feel strong-willed.
You feel the urge to shout.
Your thoughts seem clearer.
You feel your magical essence link to the dungeon's wands.
You feel more energetic. Terence hits you with a +0 flail.
Save game and exit? [Y]es or [N]o only, please.
Save game and exit?
Okay, then.
Unknown command.
You hit Terence.
Terence is heavily wounded.
Terence hits you with a +0 flail.
You completely miss Terence.
Terence is heavily wounded.
Terence hits you but does no damage.
You hit Terence but do no damage.
Terence is heavily wounded.
Terence hits you with a +0 flail.
You hit Terence.
Terence is heavily wounded.
Terence hits you with a +0 flail.
* * * LOW HITPOINT WARNING * * *
You barely miss Terence. Your bite misses Terence.
Terence is heavily wounded.
Terence hits you with a +0 flail.
You die...

≈. .. #. ### #.# #..
..## #.. ..# #.. #@#
#.. ##@##### ##..
#......# #...
..#......# #...
..........# #####.#.
#...#......#####.......
#...#.........##......#
......................#
....#..................
.###......##....÷[....


You could see Terence.

Vanquished Creatures
  An adder (D:2)
  A dart slug (D:2)
  5 ball pythons
  2 endoplasms (D:2)
  2 giant cockroaches (D:1)
  A goblin (D:1)
  A hobgoblin (D:1)
  6 quokkas
  2 bats (D:2)
  2 frilled lizards (D:2)
  A kobold (D:1)
  2 rats
26 creatures vanquished.

Notes
Turn   | Place    | Note
-------+----------+-------------------------------------------
     0 | Abyss:1  | Gargoyl the Gnoll Abyssal Knight began the quest for the
                  | Orb.
     0 | Abyss:1  | Reached XP level 1. HP: 23/23 MP: 3/3
     0 | D:1      | Escaped the Abyss
   544 | D:1      | Reached XP level 2. HP: 26/29 MP: 5/5
   814 | D:1      | Reached * piety under Lugonu
  1231 | D:2      | Reached XP level 3. HP: 32/35 MP: 6/6
  1524 | D:2      | Found a faded altar of an unknown god.
  1575 | D:2      | Noticed Terence
  1584 | D:2      | Gained mutation: You are strong-willed. (Will+) [potion of
                  | mutation]
  1584 | D:2      | Gained mutation: You are weak. (Str -2) [potion of
                  | mutation]
  1585 | D:2      | Lost mutation: You are weak. (Str -2) [potion of mutation]
  1585 | D:2      | Lost mutation: You are strong-willed. (Will+) [potion of
                  | mutation]
  1585 | D:2      | Gained mutation: You occasionally shout uncontrollably at
                  | your foes. [potion of mutation]
  1585 | D:2      | Gained mutation: You possess an exceptional clarity of
                  | mind. [potion of mutation]
  1585 | D:2      | Gained mutation: You expend magic power (3 MP) to
                  | strengthen your wands. [potion of mutation]
  1585 | D:2      | Gained mutation: You have an increased reservoir of magic.
                  | (+10% MP) [potion of mutation]
  1590 | D:2      | Slain by Terence

Illustrated notes

Levels and vault maps discovered:
D:1:      lemuel_arrival_rhombus, layout_loops_corners
D:2:      layout_rooms, dreamdust_ecumenical_altar_angels_and_demons,
          serial_rivers, chequers_serial_rivers_micro_b,
          chequers_serial_rivers_micro_e, chequers_serial_rivers_small_b,
          chequers_serial_rivers_small_3, chequers_serial_rivers_room_a,
          grunt_ministairs_1, uniq_sigmund, uniq_terence

Action                   || total
-------------------------++-------
Melee: Hand axe          ||    83
       Bite              ||     8
Invok: Depart the Abyss  ||     1
  Use: Scroll            ||     1
       Potion            ||     2
 Stab: Sleeping          ||     1
Armor: Leather armour    ||     3
       Chain mail        ||    36
Dodge: Dodged            ||    36

Table legend: (Time is in decaauts)
 A = Elapsed time spent in this place.
 B = Non-inter-level travel time spent in this place.
 C = Inter-level travel time spent in this place.
 D = Time resting spent in this place.
 E = Time spent auto-exploring this place.
 F = Levels seen in this place.
 G = Mean time per level.
                   A        B        C        D        E       F      G
               +--------+--------+--------+--------+--------+-----+--------+
         Total |   1596 |   1572 |     24 |      0 |   1316 |   3 |  532.0 |
       Dungeon |   1596 |   1572 |     24 |      0 |   1316 |   2 |  798.0 |
         Abyss |      0 |      0 |      0 |      0 |      0 |   1 |    0.0 |
               +--------+--------+--------+--------+--------+-----+--------+

Top non-repeatable levels by time:
     D:1: 1204 daAuts
     D:2: 392 daAuts
